 Dungeon Crawl Stone Soup version 0.18-a0-1655-ge2d8d33 (webtiles) character file.

55 HeWhoDoesNotSavescum the Insei (level 3, -4/29 HPs)
             Began as a Mummy Monk on Mar 30, 2016.
             Slain by a worker ant (8 damage)
             ... on level 4 of the Dungeon.
             The game lasted 00:02:16 (2272 turns).

HeWhoDoesNotSavescum the Insei (Mummy Monk)         Turns: 2272, Time: 00:02:16

Health: -4/29      AC:  0    Str: 14    XL:     3   Next: 67%
Magic:  3/3        EV: 13    Int:  9    God:
Gold:   181        SH:  0    Dex: 15    Spells: 0 memorised, 2 levels left

rFire  x . .     SeeInvis .       - Unarmed
rCold  + . .     Gourm    .     (no armour)
rNeg   + + +     Faith    .     (no shield)
rPois  ∞         Spirit   .     (no helmet)
rElec  .         Dismiss  .     (no cloak)
rCorr  .         Reflect  .     (no gloves)
SustAt .         Harm     .     (no boots)
MR     .....                    (no amulet)
Stlth  ++........               (no ring)
                                (no ring)

@: not resistant to hostile enchantments, unstealthy
A: no food or potions, fire vulnerability, cold resistance 1, negative energy
resistance 3, torment resistance, unbreathing
a: no special abilities


You were on level 4 of the Dungeon.
You were not hungry.

You visited 1 branch of the dungeon, and saw 4 of its levels.

You collected 181 gold pieces.


Innate Abilities, Weirdness & Mutations

You do not eat or drink.
Your flesh is vulnerable to fire.
You are immune to poison.
Your flesh is cold resistant.
You are immune to negative energy.
You are immune to unholy pain and torment.
You can survive without breathing.


   Skills:
 - Level 3.0 Fighting
 - Level 2.4 Dodging
 - Level 1.5 Stealth
 + Level 4.4 Unarmed Combat


You had 2 spell levels left.
You didn't know any spells.

Inventory:

Missiles
 a - 14 poisoned needles (quivered)
Armour
 c - a +0 shield
Wands
 h - a wand of acid (10/15)
Scrolls
 b - 2 scrolls of enchant weapon {unknown}
 d - a scroll of random uselessness {unknown}
 e - a scroll of teleportation {unknown}
 f - 3 scrolls of remove curse {unknown}
 g - a scroll of amnesia {unknown}
 i - a scroll of identify {unknown}
 j - a scroll of recharging {unknown}

Dungeon Overview and Level Annotations

Branches:
Dungeon (4/15)             Temple (0/1) D:4

Altars:

Annotations:
D:3 Robin

▒▒▒ ▒.. ▒.▒ ▒.▒ ▒.▒ ▒.▒ ▒.▒
▒.▒ ▒.▒ ▒.▒▒ ▒.▒ ▒ ▒.<▒▒
▒.▒ ▒.▒▒...▒▒▒▒▒▒.▒▒▒▒▒.▒
.▒........BM........>▒
+▒▒▒..B.......▒▒▒▒▒.▒.▒▒▒▒▒
...▒.▒▒▒▒▒...B▒▒▒▒▒.▒.▒
▒▒.▒ ▒....).....▒.. >▒.+
▒▒▒▒▒▒▒(▒▒▒▒▒▒▒ ▒▒.▒ ▒.▒
...▒ ▒.▒ +▒▒▒ ▒.▒ .▒▒▒▒▒▒
▒.▒


You could see a worker ant.


Message History

You squash the worker ant like the proverbial ant!
The worker ant is almost dead!
The worker ant bites you! * * * don't die
* * * The worker ant closely misses you!
You squash the worker ant but do no damage!
The worker ant is almost dead!
The worker ant bites you! * * * don't die
* * * You closely miss the worker ant!
The worker ant is severely wounded!
The worker ant bites you! * * * don't die
* * * You squash the worker ant like the proverbial ant!
The worker ant is almost dead!
The worker ant bites you! * * * don't die
* * * You barely miss the worker ant!
The worker ant is almost dead!
The worker ant barely misses you!
You squash the worker ant but do no damage!
The worker ant is almost dead!
The worker ant closely misses you!
You completely miss the worker ant!
The worker ant is almost dead!
The worker ant closely misses you!
You squash the worker ant but do no damage!
The worker ant is almost dead!
The worker ant bites you!!! rip

Action                   || total
-------------------------++-------
Melee: Unarmed           ||   160
 Stab: Sleeping          ||     5

Vault maps used:
D:1:      mainiacjoe_arrival_reflecting_pool
D:3:      ecumenical_altar_1, trog_book, uniq_robin
D:4:      minmay_temple_entry_glassed_door, first_bread, minmay_rat_hole

Notes
Turn   | Place    | Note
--------------------------------------------------------------
     0 | D:1      | HeWhoDoesNotSavescum the Mummy Monk began the quest for the Orb.
     0 | D:1      | Reached XP level 1. HP: 18/18 MP: 1/1
   235 | D:1      | Reached XP level 2. HP: 18/24 MP: 2/2
   946 | D:1      | Reached skill level 4 in Unarmed Combat
  1288 | D:2      | Reached XP level 3. HP: 29/29 MP: 3/3
  1488 | D:2      | You fall through a shaft for 2 floors!
  1488 | D:4      | Found a staircase to the Ecumenical Temple.
  2113 | D:3      | Noticed Robin
  2272 | D:4      | Slain by a worker ant

Vanquished Creatures
  An adder skeleton (D:4)
  3 giant geckos
  2 bats (D:1)
  A giant cockroach (D:1)
  7 goblins
  6 hobgoblins
  A quokka (D:4)
  3 giant newts
  4 kobolds
  24 rats
52 creatures vanquished.
